 Dungeon Crawl Stone Soup version 0.26-a0-1026-g544776af23 (webtiles) character file.

Game seed: 4970661708088357130

49 sahdkjhfkaj the Gusty (level 3, 0/19 HPs)
             Began as a Tengu Air Elementalist on Dec 9, 2020.
             Succumbed to a goblin's poison
             ... on level 2 of the Dungeon.
             The game lasted 00:01:52 (1577 turns).

sahdkjhfkaj the Gusty (Tengu Air Elementalist)      Turns: 1577, Time: 00:01:52

Health: 0/19       AC:  2    Str:  8    XL:     3   Next: 75%
Magic:  6/7        EV: 12    Int: 16    God:
Gold:   104        SH:  0    Dex: 14    Spells: 5/6 levels left

rFire    . . .     SeeInvis .   a - +1 short sword (venom)
rCold    . . .     Faith    .   (no shield)
rNeg     . . .     Spirit   .   l - +0 robe
rPois    .         Reflect  .   (helmet restricted)
rElec    .         Harm     .   (no cloak)
rCorr    .         Rampage  .   (no gloves)
Will     .....                  (boots unavailable)
Stlth    ++........             (no amulet)
HPRegen  0.06/turn              (no ring)
MPRegen  0.10/turn              (no ring)

@: mighty, lethally poisoned (0 -> -3)
A: beak, talons 3
a: no special abilities


You were on level 2 of the Dungeon.
You visited 1 branch of the dungeon, and saw 2 of its levels.

You collected 104 gold pieces.

Inventory:

Hand Weapons
 a - a +1 short sword of venom (weapon)
Armour
 l - a +0 robe (worn)
Jewellery
 c - an uncursed amulet of the acrobat {unknown}
 h - an uncursed ring of fire {unknown}
Scrolls
 b - a scroll of blinking {unknown}
 d - a scroll of random uselessness {unknown}
 f - a scroll of enchant armour {unknown}
 j - a scroll of identify {unknown}


   Skills:
 + Level 1.3 Short Blades
 - Level 2.1 Dodging
 - Level 2.0 Stealth
 - Level 2.0 Spellcasting
 * Level 4.1 Conjurations
 * Level 4.1 Air Magic


You had 5 spell levels left.
You knew the following spells:

 Your Spells              Type           Power        Failure   Level
a - Shock                 Conj/Air       ##..         3%          1

Your spell library contained the following spells:

 Spells                   Type           Power        Failure   Level
 Swiftness                Air            ##......     6%          2
 Static Discharge         Conj/Air       ##......     12%         3
 Airstrike                Air            ##........   36%         4
 Lightning Bolt           Conj/Air       ##........   71%         5


Dungeon Overview and Level Annotations

Branches:
Dungeon (2/15)

Altars:


Innate Abilities, Weirdness & Mutations

You have a beak for a mouth.
You have claws for feet.


Message History

Confirm with . or Enter, or press ? or * to list all spells.
Aiming: Shock (safe; 3% risk of failure)
Press: ? - help, Shift-Dir - straight line The zap misses the goblin.
The goblin barely misses you.
Unknown command.
* * * LOW HITPOINT WARNING * * *
You feel sick.
* * * LOW HITPOINT WARNING * * *
You feel sick.
* * * LOW HITPOINT WARNING * * *
You feel sick.
Things that are here:
a +0 short sword; a +0 club; a hobgoblin skeleton Unknown command.
Unknown command.
You aren't carrying any potions.
* * * LOW HITPOINT WARNING * * *
You feel sick.
You see here 24 sling bullets.
You die...

#.......... #..........
#############..........
#..........##.........>
###########......>^÷.##..........
#....................##..........
#....................####........
#..............).....##..........
#.........).....@....#..##..#.###
#............g.(.....#.###..#.###
#......................# #..#...#
###.##.########.###..## #..###..
. #.#### #.# #.## ##..###..
#....# #.# #.## #........ ####.#
#.###.##.....##... #†##
#..!..##.##.....## #..#
##.............####


You could see a goblin.

Vanquished Creatures
  An adder (D:2)
  A worm (D:2)
  A dart slug (D:2)
  A ball python (D:1)
  3 giant cockroaches
  2 goblins (D:1)
  2 hobgoblins (D:2)
  4 jackals (D:1)
  3 kobolds
  A quokka (D:2)
  5 bats
  3 frilled lizards
  5 rats
32 creatures vanquished.

Notes
Turn   | Place    | Note
-------+----------+-------------------------------------------
     0 | D:1      | sahdkjhfkaj the Tengu Air Elementalist began the quest for
                  | the Orb.
     0 | D:1      | Reached XP level 1. HP: 10/10 MP: 4/4
    76 | D:1      | Reached XP level 2. HP: 4/15 MP: 1/6
  1000 | D:2      | Reached XP level 3. HP: 19/19 MP: 7/7
  1011 | D:2      | Reached skill level 1 in Short Blades
  1577 | D:2      | Succumbed to a goblin's poison

Illustrated notes

Levels and vault maps discovered:
D:1:      minmay_arrival_shattered_statue, layout_rooms
D:2:      layout_rooms, roderic_serpentine_path

Skill      XL: |  1  2  3 |
---------------+----------+-----
Conjurations   | 2 3 4 |  4.1
Short Blades   | 1 |  1.3
Dodging        | |  2.1
Stealth        | |  2.0
Spellcasting   | |  2.0
Air Magic      | |  4.1

Action                   || total
-------------------------++-------
Melee: Hand axe          ||     2
       Unarmed           ||     2
       Kick              ||     7
       Short sword       ||    29
       Peck              ||     2
 Cast: Shock             ||    29
  Use: Scroll            ||     2
       Potion            ||     3
 Stab: Sleeping          ||     4
Armor: Robe              ||     7
Dodge: Dodged            ||    23

Table legend: (Time is in decaauts)
 A = Elapsed time spent in this place.
 B = Non-inter-level travel time spent in this place.
 C = Inter-level travel time spent in this place.
 D = Time resting spent in this place.
 E = Time spent auto-exploring this place.
 F = Levels seen in this place.
 G = Mean time per level.
                   A        B        C        D        E       F      G
               +--------+--------+--------+--------+--------+-----+--------+
         Total |   1577 |   1503 |     74 |    150 |   1144 |   2 |  788.5 |
       Dungeon |   1577 |   1503 |     74 |    150 |   1144 |   2 |  788.5 |
               +--------+--------+--------+--------+--------+-----+--------+

Top non-repeatable levels by time:
     D:1: 939 daAuts
     D:2: 637 daAuts
